 Dungeon Crawl Stone Soup version 0.31-a0-931-g7b59d4eb97 (webtiles) character file.

Game seed: 11504931799353292232

268 protoss039 the Digger (level 6, 4/4 HPs)
             Began as a Demonspawn Earth Elementalist on Oct 19, 2023.
             Got out of the dungeon alive.
             The game lasted 00:06:38 (3237 turns).

protoss039 the Digger (DsEE)                        Turns: 3237, Time: 00:06:38

Health: 4/4        AC: 10    Str:  9    XL:     6   Next: 0%
Magic:  10/10      EV:  9    Int: 18    God:
Gold:   184        SH:  9    Dex: 13    Spells: 5/11 levels left

rFire   . . .        g - +1 dagger (venom)
rCold   + . .        s - +0 buckler
rNeg    + + +        b - +0 ring mail
rPois   ∞            q - +2 hat
rElec   .            c - +1 cloak
rCorr   .            l - +0 pair of gloves
SInv    .            (no boots)
Will    +....        m - amulet of reflection
Stlth   +            (no ring)
HPRegen 0.20/turn    (no ring)
MPRegen 0.24/turn

%: reflection
@: death-form
A: vile attack, torment immunity, no potions, reduced hp, claws 2, spiny 1,
magic regeneration
a: Siphon Essence, Begin Untransformation


You escaped.
You were an undying horror.
You visited 1 branch of the dungeon, and saw 3 of its levels.
You also visited: Sewer.

You collected 184 gold pieces.

Inventory:

Hand Weapons
 g - a +1 dagger of venom (weapon)
Missiles
 i - 5 silver javelins
Armour
 b - a +0 ring mail (worn)
 c - a +1 cloak (worn)
 l - a +0 pair of gloves (worn)
 q - a +2 hat (worn)
 s - a +0 buckler (worn)
Jewellery
 m - an amulet of reflection (around neck)
Talismans
 x - a talisman of death (active)
Scrolls
 a - a scroll of revelation {unknown}
 d - a scroll of teleportation {unknown}
 h - 2 scrolls of identify
 j - 2 scrolls of noise {unknown}
 p - a scroll of blinking {unknown}
 r - a scroll of amnesia {unknown}
 u - a scroll of brand weapon {unknown}
 v - a scroll of torment {unknown}
Potions
 e - 3 potions of lignification
 f - 2 potions of enlightenment {unknown}
 k - a potion of cancellation {unknown}
 n - 5 potions of curing {unknown}
 o - 2 potions of attraction {unknown}
 t - a potion of brilliance {unknown}
 w - a potion of invisibility {unknown}


   Skills:
 + Level 2.3 Fighting
 * Level 1.0 Short Blades
 * Level 2.3 Armour
 - Level 1.7 Dodging
 - Level 1.7 Stealth
 + Level 0.1 Shields
 + Level 3.0 Spellcasting
 + Level 1.6 Conjurations
 - Level 0.8 Transmutations
 + Level 3.6 Earth Magic


You had 5 spell levels left.
You knew the following spells:

 Your Spells              Type           Power      Damage    Failure   Level
a - Sandblast             Erth           30%        2d9       16%         1
b - Passwall              Tmut/Erth      8%         N/A       38%         2
c - Stone Arrow           Conj/Erth      24%        3d8       56%         3

Your spell library contained the following spells:

 Spells                   Type           Power      Damage    Failure   Level
 Shock                    Conj/Air       20%        1d4       43%         1
 Inner Flame              Hex/Fire       2%         N/A       90%         3
 Swiftness                Air            2%         N/A       90%         3
 Brom's Barrelling Bould  Conj/Erth      12%        2d4       93%         4
 Petrify                  Tmut/Erth      10%        N/A       95%         4
 Airstrike                Air            1%         2d(1-17)  100%        4
 Yara's Violent Unravell  Hex/Tmut       2%         3d3       100%        5
 Enfeeble                 Hex            1%         N/A       100%        7


Dungeon Overview and Level Annotations

Branches:
Dungeon (3/15) Zot: 15203   Sewer (visited)

Altars:


Innate Abilities, Weirdness & Mutations

You are an undying horror.
Your melee and unarmed attacks drain, slow and weaken victims.
You are immune to unholy pain and torment.
You cannot drink.
Your maximum health is decreased, since you lack skill for your form.
You are immune to poison.
You have very sharp fingernails.
You are partially covered in sharp spines.
You regenerate magic rapidly.


Message History

Done exploring.
Done exploring.
Done exploring.
Key pressed, stopping explore.
Done exploring.
Done exploring.
Done exploring.
Done exploring.
Done exploring.
Done exploring.
Done exploring.
Done exploring.
Done exploring.
Done exploring.
Done exploring.
Done exploring.
Done exploring.
Done exploring.
Done exploring.
Done exploring.
Done exploring.
Done exploring.
Search for what [Enter for "."]? .
Unknown command.
What level of the Dungeon? (default 1, ? - help)
There is a stone staircase leading up here.
You climb upwards.
There is a stone staircase leading down here.
There is a stone staircase leading up here.
You climb upwards.
There is a stone staircase leading down here.
There is an open door here.
There is an open door here.
There is a staircase leading out of the dungeon here.
You begin transforming.
You continue transforming. x3
Your flesh twists and warps into a mockery of life!
HP restored.
Unknown command.
Okay, then.
You have escaped!

.......................>##.##.##.
##############.###....#.##.......
##############.###.##.#.##.......
......................#.##...###.
#####################.#.###### #.
#......##...## #...# #.
#.###.....#..###### #.#.# #.
#.#..#.####..#....# #.#.## ####
..'..#.'..#..'..z.# #.#..#####.#
#.##'#.#..#..#....# #..........#
..#..#.####..###### #..#.#####.#
..#..#.......# #..#....##.#
.############# #..####.##.# ..#
#......# #..####.##.# #.#
#.####.########.......##.# #.#
#.# #...........#..#...#.# #.#
#.# #..####.###.##.......#


There were no monsters in sight!

Vanquished Creatures
  Natasha (twice) (D:3)
  11 adders
  3 river rats (Sewer)
  A worm (D:2)
  3 dart slugs
  An orc (D:3)
  8 bats
  3 endoplasms
  2 giant cockroaches
  4 goblins
  9 hobgoblins
  4 jackals (D:3)
  11 kobolds
  A quokka (D:1)
  10 ball pythons
  12 frilled lizards
  8 rats
93 creatures vanquished.

Notes
Turn   | Place    | Note
-------+----------+-------------------------------------------
     0 | D:1      | protoss039 the Demonspawn Earth Elementalist began the
                  | quest for the Orb.
     0 | D:1      | Reached XP level 1. HP: 13/13 MP: 3/3
   131 | D:1      | Gained mutation: You have sharp fingernails. [demonic
                  | ancestry]
   131 | D:1      | Reached XP level 2. HP: 20/20 MP: 3/5
   285 | D:1      | Reached skill level 1 in Fighting
   358 | D:1      | Learned a level 2 spell: Passwall
   918 | D:1      | Reached XP level 3. HP: 25/26 MP: 6/6
   981 | D:2      | Learned a level 3 spell: Stone Arrow
  1141 | D:2      | Reached skill level 1 in Armour
  1236 | D:2      | Gained mutation: You have very sharp fingernails. [demonic
                  | ancestry]
  1236 | D:2      | Reached XP level 4. HP: 33/33 MP: 7/7
  1987 | D:3      | Reached skill level 1 in Conjurations
  2112 | D:3      | Found a glowing drain.
  2112 | D:3      | Noticed Natasha
  2135 | D:3      | Killed Natasha
  2136 | D:3      | Gained mutation: You regenerate magic rapidly. [demonic
                  | ancestry]
  2136 | D:3      | Reached XP level 5. HP: 22/38 MP: 4/9
  2209 | Sewer    | Entered a sewer
  2955 | D:3      | Noticed Natasha
  2968 | D:3      | Killed Natasha
  2969 | D:3      | Reached skill level 1 in Short Blades
  2969 | D:3      | Gained mutation: You are partially covered in sharp spines.
                  | [demonic ancestry]
  2969 | D:3      | Reached XP level 6. HP: 28/44 MP: 8/10
  3237 | D:$      | Got out of the dungeon alive.

Illustrated notes

Levels and vault maps discovered:
D:1:      dpeg_arrival_erosion, layout_basic, minmay_pentomino_w4
D:2:      layout_basic, kennysheep_generic_room_13
D:3:      layout_loops_ring, portal_sewer_entry_a,
          nicolae_houndstooth_variations, uniq_natasha

Skill      XL: |  1  2  3  4  5 |
---------------+----------------+-----
Fighting       | 1 2 |  2.3
Earth Magic    | 3 |  3.6
Armour         | 1 2 |  2.3
Conjurations   | 1 |  1.6
Spellcasting   | 3 |  3.0
Short Blades   | 1 |  1.0
Dodging        | |  1.7
Stealth        | |  1.7
Shields        | |  0.1
Transmutations | |  0.8

Action                     |  1- 3 |  4- 6 || total
---------------------------+-------+-------++-------
  Melee: Club              |     1 |       ||     1
         Dagger            |    58 |   186 ||   244
         Punch             |       |     3 ||     3
   Cast: Sandblast         |    22 |     9 ||    31
    Use: Potion            |     1 |       ||     1
         Scroll            |       |     1 ||     1
   Stab: Sleeping          |       |     3 ||     3
 Armour: Robe              |    11 |       ||    11
         Ring mail         |    36 |    97 ||   133
  Dodge: Dodged            |    40 |    73 ||   113
  Block: Other             |     8 |    21 ||    29
         Reflection        |       |     1 ||     1
         Buckler           |       |    39 ||    39
   Form: Death             |       |     1 ||     1

Table legend: (Time is in decaauts)
 A = Elapsed time spent in this place.
 B = Non-inter-level travel time spent in this place.
 C = Inter-level travel time spent in this place.
 D = Time resting spent in this place.
 E = Time spent auto-exploring this place.
 F = Levels seen in this place.
 G = Mean time per level.
                   A        B        C        D        E       F      G
               +--------+--------+--------+--------+--------+-----+--------+
         Total |   3309 |   3043 |    266 |     23 |   2299 |   4 |  827.2 |
       Dungeon |   2796 |   2530 |    266 |     23 |   1955 |   3 |  932.0 |
         Sewer |    512 |    512 |      0 |      0 |    344 |   1 |  512.0 |
               +--------+--------+--------+--------+--------+-----+--------+

Top non-repeatable levels by time:
     D:1: 1025 daAuts
     D:3: 907 daAuts
     D:2: 863 daAuts
   Sewer: 512 daAuts
